 Dungeon Crawl Stone Soup version 0.29-a0-1009-g60c99734e7 (webtiles) character file.

Game seed: 12235748881928389894

180 gelatine the Chopper (level 5, -6/40 HPs)
             Began as a Demonspawn Gladiator on Aug 8, 2022.
             Killed from afar by Terence (8 damage)
             ... with a puff of flame
             ... on level 2 of the Dungeon.
             The game lasted 00:04:13 (929 turns).

gelatine the Chopper (Demonspawn Gladiator)          Turns: 929, Time: 00:04:14

Health: -6/40      AC:  6    Str: 15    XL:     5   Next: 33%
Magic:  5/5        EV: 13    Int: 11    God:
Gold:   109        SH:  0    Dex: 14    Spells: 4/4 levels left

rFire   . . .      SeeInvis .   a - +1 war axe
rCold   . . .      Faith    .   (no shield)
rNeg    . . .      Spirit   .   d - +2 robe {Will+}
rPois   .          Reflect  .   c - +0 helmet
rElec   .          Harm     .   (no cloak)
rCorr   .          Rampage  .   (no gloves)
Will    +....                   (no boots)
Stlth   +.........              (no amulet)
HPRegen 0.13/turn               (no ring)
MPRegen 0.18/turn               (no ring)

@: lethally poisoned (-6 -> -17)
A: rugged brown scales 1, ignite blood 1, magic regeneration
a: no special abilities


You were on level 2 of the Dungeon.
You visited 1 branch of the dungeon, and saw 2 of its levels.

You collected 109 gold pieces.

Inventory:

Hand Weapons
 a - a +1 war axe (weapon)
Missiles
 g - a throwing net
 j - a javelin (quivered)
Armour
 b - a +0 leather armour
 c - a +0 helmet (worn)
 d - a +2 robe of willpower (worn)
 f - a +0 scale mail
Jewellery
 h - an amulet of faith
Scrolls
 i - 3 scrolls of magic mapping {unknown}
 k - a scroll of poison {unknown}


   Skills:
 + Level 2.5 Fighting
 + Level 4.1 Axes
 + Level 2.0 Throwing
 + Level 2.1 Armour
 + Level 3.3 Dodging
 + Level 0.1 Stealth


You had 4 spell levels left.
You didn't know any spells.
Your spell library contained the following spells:

 Spells                   Type           Power      Damage    Failure   Level
 Summon Small Mammal      Summ           0%         N/A       34%         1
 Call Canine Familiar     Summ           0%         N/A       71%         3
 Summon Guardian Golem    Hex/Summ       0%         N/A       71%         3


Dungeon Overview and Level Annotations

Branches:
Dungeon (1/15)

Altars:

Shops:
D:1 (

Annotations:
D:2 Terence


Innate Abilities, Weirdness & Mutations

You are partially covered in rugged brown scales. (AC +1, +3% HP)
Your demonic aura sometimes causes spilled blood to erupt in flames.
You regenerate magic rapidly.


Message History

Terence is lightly wounded.
Terence completely misses you.
You barely miss Terence.
Terence is lightly wounded.
Terence barely misses you.
You slash Terence!
Terence is heavily wounded.
Terence barely misses you.
You closely miss Terence.
Terence is heavily wounded.
Terence closely misses you.
Terence hits you with a +3 hand axe of venom!
You hit Terence.
Terence is severely wounded.
Terence drinks a potion.
Terence is healed!
You hit Terence.
Terence is moderately wounded.
Terence hits you but does no damage.
You are poisoned.
You closely miss Terence.
Terence is moderately wounded.
You feel very sick. Terence hits you but does no damage.
Terence barely misses you.
You hit Terence but do no damage.
Terence is moderately wounded.
You feel sick.
Terence zaps a wand.
The puff of flame hits you!
* * * LOW HITPOINT WARNING * * *
You closely miss Terence.
Terence is moderately wounded.
You feel sick.
Terence hits you with a +3 hand axe of venom.
* * * LOW HITPOINT WARNING * * *
You are lethally poisoned!
As you read the scroll labelled YGHANG KUGOFIA, it crumbles to dust.
It is a scroll of enchant weapon.
Your +0 war axe glows red for a moment.
* * * LOW HITPOINT WARNING * * *
You feel very sick.
Terence zaps a wand.
The puff of flame hits you!
You die...

#...###.# #####..####.#
#...# #.# #.g# #.#
#######.# #..# #.#
##......# #..# #.#
...###### #.@####.#
........# #.......#
#.#####.## ##.######
#.####...###############.#
#...............@@ggg....#
######...#################
#######(## ........#
#########


You could see Terence, a hobgoblin and 2 goblins.

Vanquished Creatures
  Sigmund (D:2)
  3 ball pythons
  2 endoplasms
  A giant cockroach (D:1)
  4 goblins
  2 hobgoblins
  A quokka (D:1)
  2 frilled lizards (D:1)
  2 kobolds (D:1)
  3 rats (D:1)
21 creatures vanquished.

Notes
Turn   | Place    | Note
-------+----------+-------------------------------------------
     0 | D:1      | gelatine the Demonspawn Gladiator began the quest for the
                  | Orb.
     0 | D:1      | Reached XP level 1. HP: 16/16 MP: 1/1
   251 | D:1      | Found a faded altar of an unknown god.
   394 | D:1      | Gained mutation: You regenerate magic rapidly. [demonic
                  | ancestry]
   394 | D:1      | Reached XP level 2. HP: 18/22 MP: 2/2
   399 | D:1      | Reached skill level 3 in Axes
   417 | D:1      | Found Duntas's Antique Weapon Shop.
   569 | D:1      | You fall into a shaft and drop 1 floor!
   605 | D:2      | Noticed Sigmund
   629 | D:2      | Killed Sigmund
   630 | D:2      | Reached skill level 4 in Axes
   630 | D:2      | Reached XP level 3. HP: 19/28 MP: 3/3
   630 | D:2      | Gained mutation: Your demonic aura sometimes causes spilled
                  | blood to erupt in flames. [demonic ancestry]
   630 | D:2      | Reached XP level 4. HP: 23/34 MP: 4/4
   630 | D:2      | Gained mutation: You are partially covered in rugged brown
                  | scales. (AC +1, +3% HP) [demonic ancestry]
   630 | D:2      | Reached XP level 5. HP: 23/40 MP: 5/5
   897 | D:2      | Noticed Terence
   929 | D:2      | HP: 2/40 [poisoned by Terence]
   929 | D:2      | Killed from afar by Terence

Illustrated notes

Levels and vault maps discovered:
D:1:      reono_arrival_forest_river, layout_basic,
          shapermc_ecumenical_altar_starsandcircs, serial_shops,
          nicolae_shop_hallway_stairs
D:2:      layout_loops_ring, serial_shops, shop, lemuel_flame_loot_1,
          uniq_robin, uniq_terence, uniq_sigmund

Skill      XL: |  1  2 |
---------------+-------+-----
Axes           | 4 |  4.1
Throwing       | 2 |  2.0
Armour         | 2 |  2.1
Dodging        | 3 |  3.3
Fighting       | |  2.5
Stealth        | |  0.1

Action                   |  1- 3 |  4- 6 || total
-------------------------+-------+-------++-------
Melee: War axe           |    48 |    17 ||    65
Throw: Throwing net      |     3 |     1 ||     4
       Javelin           |     1 |     1 ||     2
  Use: Potion            |     1 |       ||     1
       Scroll            |       |     1 ||     1
Armor: Scale mail        |    16 |       ||    16
       Robe              |       |     3 ||     3
Dodge: Dodged            |    28 |    10 ||    38

Table legend: (Time is in decaauts)
 A = Elapsed time spent in this place.
 B = Non-inter-level travel time spent in this place.
 C = Inter-level travel time spent in this place.
 D = Time resting spent in this place.
 E = Time spent auto-exploring this place.
 F = Levels seen in this place.
 G = Mean time per level.
                   A        B        C        D        E       F      G
               +--------+--------+--------+--------+--------+-----+--------+
         Total |    955 |    955 |      0 |      0 |    626 |   2 |  477.5 |
       Dungeon |    955 |    955 |      0 |      0 |    626 |   2 |  477.5 |
               +--------+--------+--------+--------+--------+-----+--------+

Top non-repeatable levels by time:
     D:1: 586 daAuts
     D:2: 368 daAuts
